 Dungeon Crawl Stone Soup version 0.16-b1 (webtiles) character file.

543182 fungee the Minotaur Cataclysm (level 24, -5/225 (231) HPs)
             Began as a Minotaur Gladiator on Mar 13, 2015.
             Was a High Priest of Qazlal.
             Slain by a reaper
             ... wielding a +1 scythe of venom
              (38 damage)
             ... on level 8 of a ziggurat on Mar 15, 2015.
             The game lasted 04:28:00 (56121 turns).

fungee the Minotaur Cataclysm (Minotaur Gladiator) Turns: 56121, Time: 04:28:00

HP:   -5/225 (231)  AC: 27    Str: 34    XL:     24   Next: 81%
MP:   41/41         EV: 15    Int:  5    God:    Qazlal [*****.]
Gold: 6553          SH: 26    Dex: 22    Spells: 0 memorised, 23 levels left

rFire  + . .     SeeInvis +     J - +9 broad axe (chop)
rCold  + . .     Clarity  .     t - +1 gold dragon armour
rNeg   + . .     SustAb   .     F - +2 shield {reflect} (curse)
rPois  +         Gourm    .     I - +2 hat {MR+}
rElec  .         Spirit   .     E - +0 cloak of Melancholy {rPois Dex+3}
rCorr  +         Warding  .     G - +0 pair of gloves
rMut   .         Stasis   .     Y - +1 pair of boots {Fly}
MR     +++..                    K - amulet of resist corrosion
Stlth  ..........               P - ring of see invisible
                                j - ring of positive energy

@: mighty, agile, flayed, corroded equipment, flying, silenced, repel missiles,
extremely resistant to hostile enchantments, extremely unstealthy
A: retaliatory headbutt, horns 2, talons 1, blurry vision 1, breathe flames 1,
magic resistance 1, screaming 1, spit poison 1
a: Spit Poison, Renounce Religion, Breathe Fire, Stop Flying
}: 3/15 runes: decaying, silver, gossamer


You were on level 8 of a ziggurat.
You worshipped Qazlal.
Qazlal was extremely pleased with you.
You were completely stuffed.

You visited 8 branches of the dungeon, and saw 48 of its levels.
You visited 1 ziggurat, and saw 8 of its levels.
You also visited: Sewer.

You collected 7690 gold pieces.
You spent 1137 gold pieces at shops.

Inventory:

Hand weapons
 m - the +1 mace of Chaos {crush, rF+ rC++ Str-4 Int+4}
   (You found it on level 4 of the Swamp)

   It inflicts extra damage upon your enemies.
   It affects your strength (-4).
   It affects your intelligence (+4).
   It protects you from fire.
   It greatly protects you from cold.
 J - a +9 broad axe of chopping (weapon)
Armour
 t - a +1 gold dragon armour (worn)
 E - the +0 cloak of Melancholy (worn) {rPois Dex+3}
   (You bought it in a shop on level 7 of the Dungeon)

   It affects your dexterity (+3).
   It protects you from poison.
 F - a cursed +2 shield of reflection (worn)
 G - a +0 pair of gloves (worn)
 I - a +2 hat of magic resistance (worn)
 Y - a +1 pair of boots of flying (worn)
Jewellery
 i - an uncursed ring of protection from magic
 j - a ring of positive energy (left hand)
 A - an uncursed amulet of the gourmand
 H - the amulet of Cekugob {Ward -Tele rElec rPois rN++ AC+1 EV+1}
   (You found it on level 8 of the Dungeon)

   [amulet of warding]

   It may prevent the melee attacks of summoned creatures.
   It affects your AC (+1).
   It affects your evasion (+1).
   It insulates you from electricity.
   It protects you from poison.
   It greatly protects you from negative energy.
   It prevents most forms of teleportation.
 K - an amulet of resist corrosion (around neck)
 P - a ring of see invisible (right hand)
 U - an uncursed amulet of stasis
 X - the ring of Emauhuac {Fire Str+3 Stlth+}
   (You found it on level 4 of the Swamp)

   [ring of fire]

   It enhances your fire magic, and weakens your ice magic.
   It affects your strength (+3).
   It protects you from fire.
   It makes you vulnerable to cold.
   It makes you more stealthy.
Magical devices
 b - a wand of cold (8)
 c - a wand of disintegration (16)
 d - a wand of teleportation (8)
 q - a wand of cold (5)
 B - a wand of fire (3)
 D - a wand of cold (8)
 N - a wand of digging (12)
Scrolls
 l - a scroll of silence
 n - 20 scrolls of teleportation
 o - 6 scrolls of identify
 p - 6 scrolls of fear
 r - 2 scrolls of brand weapon
 w - 2 scrolls of blinking
 x - 5 scrolls of amnesia
 y - 4 scrolls of summoning
 z - 3 scrolls of magic mapping
 O - 2 scrolls of fog
 Q - 3 scrolls of enchant weapon
 T - 13 scrolls of remove curse
 V - 5 scrolls of recharging
Potions
 g - a potion of cure mutation
 s - a potion of agility
 u - 8 potions of curing
 v - 6 potions of restore abilities
 C - 5 potions of heal wounds
 L - 2 potions of invisibility
 R - 3 potions of magic
 S - a potion of cancellation
 W - 3 potions of ambrosia
 Z - 2 potions of might
Comestibles
 f - 22 bread rations
 h - 6 royal jellies
 k - 18 meat rations


   Skills:
 - Level 22.0 Fighting
 - Level 21.4 Axes
 - Level 2.0 Throwing
 - Level 20.4 Armour
 - Level 3.2 Dodging
 - Level 16.3 Shields
 + Level 25.0 Invocations


You had 23 spell levels left.
You didn't know any spells.

Dungeon Overview and Level Annotations

Branches:
Dungeon (15/15)            Temple (1/1) D:5            Lair (8/8) D:9
  Swamp (5/5) Lair:6       Spider (5/5) Lair:6        Slime (0/6) Lair:6
    Orc (4/4) D:11            Elf (0/3) Orc:4        Vaults (5/5) D:14
  Crypt (0/3) Vaults:2     Depths (5/5) D:15            Zot (0/5) Depths:5

Altars:
Ashenzari
Dithmenos
Elyvilon
Fedhas
Gozag
Kikubaaqudgha
Makhleb
Nemelex Xobeh
Okawaru
Qazlal
Ru
Sif Muna
Trog
Vehumet
Xom
Yredelemnul
Zin
The Shining One
Beogh

Shops:
D:4 *   D:7 [:   Orc:2 (   Orc:4 :((   Vaults:1 ([(   Vaults:2 =   Vaults:5 :
Depths:1 *

Portals:
Hell: Depths:1 Depths:2 Depths:4 Depths:5
Abyss: Depths:2 Depths:4
Pandemonium: Depths:2 Depths:4
Trove: D:14 (give +4 storm dragon armour)

Annotations:
Swamp:4 exclusion: Roxanne, Roxanne
Depths:1 exclusion: obsidian statue
Zig:8 exclusion: oklob plant


Innate Abilities, Weirdness & Mutations

You reflexively headbutt those who attack you in melee.
You have a pair of horns on your head.
You have sharp toenails.
Scrolls take you a little longer to read.
You can breathe flames.
You are resistant to hostile enchantments.
You occasionally shout uncontrollably at your foes.
You can spit poison.


Message History

Drink which item? (? for menu, Esc to quit)
Okay, then.
You hit the jiangshi. You headbutt the jiangshi.
The jiangshi is lightly damaged.
You slice the plant!!
The plant is severely damaged.
You slice the vampire knight!!
The vampire knight is severely damaged.
You hit the ancient champion but do no damage.
The ancient champion is moderately damaged.
The jiangshi is engulfed in roaring flames.
You block the jiangshi's attack.
The jiangshi claws you but does no damage.
The oklob plant spits acid at you. The splash of acid hits you!
The acid burns!
You resist.
* * * LOW HITPOINT WARNING * * *
The flayed ghost moans in silent anguish.
You block the ancient champion's attack.
The reaper hits you from afar with a scythe of venom!!!
You die...

▓▓▓▓ .........▓
▓.........▓
▓▓.........▓▓▓▓▓
................▓
................▓
[.....P.........▓
∩)}W..3P§.P......▓
>?[.LeWV@§§.....∩▓
∩$=.W.2zV§.......▓
......zP........▓
................▓
................▓
▓▓.........▓▓▓▓▓
▓.........▓
.........▓
▓▓▓▓▓▓▓▓


You could see a lich, a reaper, a vampire knight, 2 ancient champions, a deep
elf death mage, a jiangshi, a soul eater, 2 flayed ghosts, an oklob plant and a
silent spectre.

Vanquished Creatures
  Boris (Depths:4)
  Sojobo (Vaults:2)
  Margery (Vaults:2)
  Saint Roka (Swamp:4)
  Mara (Swamp:5)
  4 golden dragons
  Arachne (Spider:4)
  Nikola (Vaults:2)
  2 tentacled monstrosities
  2 liches
  Asterion (Spider:1)
  A quicksilver dragon (shapeshifter) (Depths:3)
  3 quicksilver dragons
  A titan (Vaults:5)
  10 tengu reavers
  3 sphinxes
  3 octopode crushers
  6 shadow dragons
  Kirke (Swamp:4)
  6 storm dragons
  2 thorn hunters (Swamp:5)
  Frances (Swamp:4)
  10 fire giants
  Donald (Vaults:2)
  Wiglaf (Swamp:5)
  16 frost giants
  Maud (Lair:6)
  2 orc warlords
  A draconian knight (Depths:5)
  Aizul (Swamp:5)
  9 emperor scorpions
  13 vault wardens
  A curse skull (Zig:1)
  A reaper (Depths:4)
  4 deep elf sorcerers
  3 war gargoyles
  A draconian zealot (Depths:5)
  6 ghost moths
  17 ironheart preservers
  2 spriggan defenders
  16 stone giants
  Jorgrun (Vaults:2)
  7 very ugly things
  A vampire knight (Depths:1)
  5 green draconians
  A stone giant (shapeshifter) (Vaults:5)
  5 rakshasas
  A deep elf demonologist (Vaults:5)
  5 deep elf annihilators
  4 black draconians
  A white draconian (Zig:4)
  5 dire elephants
  2 bennus (Zig:3)
  3 red draconians
  A lorocyproca (Depths:3)
  3 purple draconians (Depths:5)
  A pale draconian (Depths:5)
  A mottled draconian (Zig:4)
  Snorg (Swamp:5)
  4 great orbs of eyes
  2 merfolk javelineers
  37 vault guards
  13 yaktaur captains
  A mummy priest (Depths:4)
  A deep elf high priest (Vaults:5)
  13 ettins
  4 merfolk impalers
  10 fire dragons
  Fannar (D:14)
  2 minotaurs
  Harold (Lair:6)
  7 ice dragons
  8 spriggan air magi
  2 ghost crabs
  20 hydras
  A merfolk avatar (Zig:5)
  An alligator (shapeshifter) (Depths:3)
  The ghost of Xorborg the Protected, a powerful GrFi of Makhleb (Lair:2)
  9 centaur warriors
  A ghost crab (shapeshifter) (Vaults:5)
  2 alligators
  2 dancing weapons
  9 death yaks
  13 deep troll shamans
  16 deep troll earth magi
  12 ogre magi
  2 tengu warriors
  A vampire mage (Depths:1)
  5 spriggan berserkers
  3 orc high priests
  3 iron trolls
  3 sun demons
  A storm dragon zombie (Vaults:5)
  3 deep elf knights
  2 fire crabs (Vaults:3)
  2 shadow demons
  A ball lightning (Depths:4)
  3 unseen horrors
  A spriggan druid (Swamp:4)
  29 deep trolls
  A flayed ghost (Zig:1)
  10 swamp dragons
  2 deep elf summoners
  14 hell knights
  3 wizards
  A shambling mangrove (Swamp:2)
  13 harpies
  6 orc knights
  2 giant orange brains (shapeshifter)
  2 torturous demonspawn (Depths:4)
  Pikel (D:9)
  11 hornets
  An anubis guard (Zig:3)
  5 oklob plants (Zig:8)
  43 ugly things
  19 ironbrand convokers
  12 hill giants
  7 necromancers
  A wolf spider zombie (D:14)
  6 orc sorcerers
  22 wolf spiders
  3 manticores
  16 orb spiders
  A stone giant zombie (Vaults:4)
  A shining eye (shapeshifter) (Vaults:4)
  9 phantasmal warriors
  2 sixfirhies (Depths:1)
  2 fire giant zombies (Vaults:4)
  A manticore (shapeshifter) (Depths:4)
  8 deep elf conjurers
  3 moths of wrath
  9 griffons
  An iron dragon skeleton (Zig:3)
  An elephant (shapeshifter) (Depths:1)
  14 cyclopes
  A water nymph (Zig:5)
  13 vault sentinels
  6 elephants
  7 torpor snails
  4 black mambas
  32 spiny frogs
  2 naga magi (Depths:3)
  6 komodo dragons
  Psyche (D:9)
  2 yaktaur zombies
  A spriggan zombie (Depths:2)
  A komodo dragon (shapeshifter) (Depths:1)
  A queen ant (shapeshifter) (Depths:4)
  An efreet (D:15)
  2 orange demons
  A death yak zombie (Depths:2)
  An elf (shapeshifter) (Vaults:4)
  39 yaktaurs
  4 demonic crawlers
  2 anaconda simulacra
  4 fire drakes
  A tormentor (Zig:2)
  3 blue devils (Depths:1)
  4 hellwings
  A guardian mummy (Depths:4)
  A redback zombie (D:15)
  8 freezing wraiths
  13 trolls
  5 deep elf priests
  3 polar bears
  11 merfolk (Zig:5)
  3 tengu conjurers
  13 giant leeches
  4 red devils
  2 polar bears (shapeshifter)
  19 blink frogs
  25 jumping spiders
  A shadow dragon simulacrum (Vaults:5)
  7 bog bodies
  A deep troll zombie (Depths:2)
  12 air elementals
  A jumping spider (shapeshifter) (Vaults:2)
  24 two-headed ogres
  A boulder beetle (shapeshifter) (Depths:5)
  35 slime creatures
  25 ravens
  7 boulder beetles
  4 basilisks
  8 spriggans
  5 shadows
  2 vampires (D:14)
  22 trapdoor spiders
  3 deep elf magi
  26 yaks
  2 flying skulls
  44 redbacks
  2 wyverns
  21 tarantellas
  A hog (shapeshifter) (Vaults:5)
  Eustachio (Orc:2)
  14 water elementals
  10 deep elf fighters
  3 wraiths
  A neqoxec (Vaults:5)
  8 hippogriffs
  3 fire elementals
  Grum (D:9)
  2 chaos spawn (Depths:1)
  20 swamp worms
  51 vampire mosquitoes
  2 hogs (Swamp:4)
  4 mottled dragons
  4 wargs
  17 wolves
  16 porcupines
  9 insubstantial wisps
  13 water moccasins
  A harpy simulacrum (Depths:3)
  11 ice beasts
  A soldier ant (D:14)
  13 swamp drakes
  26 orc warriors
  18 spiders
  2 sky beasts
  A wasp (shapeshifter) (Vaults:4)
  A phantom (D:5)
  14 wasps
  A slave (D:9)
  2 boggarts (shapeshifter) (Vaults:5)
  A black bear (Lair:2)
  16 crocodiles
  5 boggarts
  A necrophage (D:10)
  60 ogres
  2 boring beetles
  A crocodile (shapeshifter) (Vaults:1)
  8 centaurs
  Sigmund (D:7)
  6 big kobolds
  2 human skeletons (Vaults:4)
  42 giant frogs
  A wyvern skeleton (D:13)
  A glowing shapeshifter simulacrum (Vaults:5)
  An elf zombie (Depths:2)
  12 scorpions
  20 wights
  7 killer bees
  3 centaur zombies
  7 electric eels
  27 orc priests
  7 giant frog zombies
  A wasp zombie (Depths:2)
  13 crimson imps
  12 hounds
  5 jellies
  4 quasits
  2 goliath beetles
  2 giant frog skeletons
  11 iguanas
  5 centaur skeletons
  26 orc wizards
  A killer bee zombie (D:11)
  15 worker ants
  A hell rat (Depths:4)
  20 sheep
  A spectral hound (Swamp:4)
  4 mummies
  2 worker ant zombies (D:6)
  4 gnolls (D:5)
  26 adders
  66 river rats
  4 giant mites
  5 shadow imps
  5 worms
  4 ufetubi (Vaults:3)
  An adder skeleton (D:6)
  2 adder zombies (D:7)
  4 giant geckos
  4 oozes (Lair:6)
  198 orcs
  12 bats
  A bat zombie (D:5)
  4 giant cockroaches
  22 goblins
  20 hobgoblins
  5 ball pythons
  A giant cockroach zombie (D:5)
  8 giant newts
  3 giant spores
  3 jackal skeletons
  21 kobolds
  An orc skeleton (Orc:3)
  4 orc zombies
  16 quokkas
  A quokka zombie (D:5)
  12 rats
  20 ballistomycetes
  20 briar patches (Swamp:5)
  A bush (Lair:5)
  3 butterflies (Lair:5)
  60 fungi
  29 plants
2429 creatures vanquished.

Vanquished Creatures (collateral kills)
  Gastronok (Lair:1)
  A vault guard (Vaults:5)
  An ogre mage (Orc:4)
  An oklob plant (Lair:4)
  2 ravens (Lair:4)
  A two-headed ogre (Orc:4)
  A vampire mosquito (D:14)
  An orc warrior (Swamp:4)
  An orc wizard (Swamp:4)
  A river rat (Lair:2)
  An orc (Orc:4)
12 creatures vanquished.

Vanquished Creatures (others)
  A tengu reaver (Vaults:5)
  3 stone giants
  A green death (Depths:4)
  A merfolk javelineer (Depths:2)
  A yaktaur captain (Vaults:4)
  An ice dragon (Depths:3)
  A merfolk aquamancer (Depths:4)
  A deep elf knight (Depths:4)
  A swamp dragon (Depths:4)
  A sixfirhy (Depths:1)
  2 ugly things
  A wolf spider (Spider:5)
  4 yaktaurs
  A fire drake (Swamp:5)
  A raven (Swamp:1)
  A redback (Depths:4)
  A spriggan (Swamp:4)
  9 air elementals
  A fire elemental (Vaults:5)
  A deep elf fighter (Vaults:4)
  A water elemental (Vaults:5)
  3 humans (Swamp:4)
  2 water moccasins (Swamp:4)
  A wasp (Swamp:5)
  An earth elemental (Swamp:3)
  An orc wizard (D:8)
  2 mummies (Depths:4)
  An adder (Lair:6)
  A river rat (Lair:8)
  A bat (D:8)
  A giant spore (D:6)
  5 briar patches (Swamp:5)
  7 fungi (Lair:8)
  4 plants
65 creatures vanquished.

Grand Total: 2506 creatures vanquished

Notes
Turn   | Place    | Note
--------------------------------------------------------------
     0 | D:1      | fungee, the Minotaur Gladiator, began the quest for the Orb.
     0 | D:1      | Reached XP level 1. HP: 18/18 MP: 1/1
   120 | D:2      | Reached skill level 4 in Axes
   122 | D:2      | Reached XP level 2. HP: 18/25 MP: 1/1
   140 | D:3      | Reached skill level 5 in Axes
   245 | D:4      | Reached XP level 3. HP: 24/30 MP: 2/2
   301 | D:4      | Reached skill level 6 in Axes
   301 | D:4      | Reached XP level 4. HP: 28/37 MP: 2/2
   714 | D:4      | Found Iduguw's Assorted Antiques.
   738 | D:4      | Reached XP level 5. HP: 46/46 MP: 2/2
   943 | D:4      | Reached skill level 5 in Fighting
  1372 | D:4      | Reached XP level 6. HP: 29/56 MP: 3/3
  1503 | D:4      | Found a white marble altar of Elyvilon.
  1509 | D:4      | Found a glowing silver altar of Zin.
  1646 | D:5      | Entered Level 5 of the Dungeon
  1725 | D:5      | Reached skill level 7 in Axes
  2162 | D:5      | Reached skill level 8 in Axes
  2291 | D:5      | Found a staircase to the Ecumenical Temple.
  2308 | Temple   | Entered the Ecumenical Temple
  2345 | Temple   | Became a worshipper of Qazlal Stormbringer
  2455 | D:5      | Reached XP level 7. HP: 32/63 MP: 3/3
  2665 | D:5      | Reached skill level 1 in Armour
  2667 | D:5      | Found a sacrificial altar of Ru.
  3057 | D:6      | Found a glowing drain.
  3083 | Sewer    | Entered a sewer
  3087 | Sewer    | Acquired Qazlal's first power
  3581 | D:6      | Reached skill level 5 in Armour
  3614 | D:6      | Found a burning altar of Makhleb.
  3614 | D:6      | Found a basalt altar of Yredelemnul.
  3615 | D:6      | Found an ancient bone altar of Kikubaaqudgha.
  3759 | D:6      | Reached XP level 8. HP: 57/70 MP: 3/3
  3790 | D:6      | Acquired Qazlal's second power
  3815 | D:6      | Reached skill level 1 in Invocations
  4624 | D:7      | Reached skill level 5 in Invocations
  4651 | D:7      | Noticed Sigmund
  4657 | D:7      | Killed Sigmund
  4685 | D:7      | Found Thrukop's Book Shoppe.
  4795 | D:7      | Reached XP level 9. HP: 50/75 MP: 15/15
  4827 | D:7      | Acquired Qazlal's third power
  4938 | D:7      | Reached skill level 9 in Axes
  5172 | D:7      | Found Jeuhaumme's Antique Armour Boutique.
  5280 | D:8      | Found a bloodstained altar of Trog.
  5389 | D:8      | Reached skill level 10 in Axes
  5551 | D:7      | Bought a scorched cloak for 332 gold pieces
  5561 | D:7      | Identified the +0 cloak of Melancholy {rPois Dex+3} (You bought it in a shop on level 7 of the Dungeon)
  5620 | D:8      | Found a shimmering altar of Xom.
  5646 | D:8      | Acquired Qazlal's fourth power
  6006 | D:8      | Found a radiant altar of Vehumet.
  6383 | D:9      | Found a shattered altar of Ashenzari.
  6594 | D:9      | Noticed Psyche
  6600 | D:9      | Killed Psyche
  6651 | D:9      | Found a staircase to the Lair.
  6671 | D:9      | Reached XP level 10. HP: 89/92 MP: 16/16
  6685 | D:9      | Found a glowing golden altar of the Shining One.
  6709 | D:9      | Noticed Pikel
  6716 | D:9      | Killed Pikel
  6716 | D:9      | Reached skill level 10 in Fighting
  6791 | D:9      | Noticed Grum
  6799 | D:9      | Reached skill level 11 in Fighting
  6803 | D:9      | Killed Grum
  7396 | D:10     | Entered Level 10 of the Dungeon
  7458 | D:10     | Gained mutation: You can spit poison. [mutagenic meat]
  7459 | D:10     | Gained mutation: Scrolls take you a little longer to read. [mutagenic meat]
  7460 | D:10     | Gained mutation: You are resistant to hostile enchantments. [mutagenic meat]
  7750 | D:10     | Reached skill level 12 in Axes
  7803 | D:10     | Acquired Qazlal's fifth power
  8233 | D:11     | Reached XP level 11. HP: 51/104 MP: 17/17
  8238 | D:11     | Found a staircase to the Orcish Mines.
  8291 | D:11     | Noticed a hill giant
  8307 | D:11     | Killed a hill giant
  8451 | D:10     | Reached skill level 13 in Axes
  8623 | D:10     | Killed an unseen horror
  8809 | Orc:1    | Entered Level 1 of the Orcish Mines
  8872 | Orc:1    | Found a frozen archway.
  9026 | Orc:2    | Reached skill level 14 in Axes
  9121 | Orc:2    | Found a burning altar of Makhleb.
  9161 | Orc:2    | Noticed Eustachio
  9184 | Orc:2    | Killed Eustachio
  9246 | Orc:2    | Found Qynlay's Weapon Boutique.
  9769 | Orc:3    | Noticed an orc high priest
  9911 | Orc:2    | Killed an orc high priest
 10055 | Orc:3    | Found a roughly hewn altar of Beogh.
 10464 | Orc:4    | Entered Level 4 of the Orcish Mines
 10820 | Orc:4    | Found a glowing golden altar of the Shining One.
 10823 | Orc:4    | Noticed a hill giant
 10839 | Orc:4    | Killed a hill giant
 10842 | Orc:4    | Noticed an ogre mage
 10862 | Orc:4    | Killed an ogre mage
 10863 | Orc:4    | Noticed an ogre mage
 10870 | Orc:4    | Killed an ogre mage
 10870 | Orc:4    | Reached XP level 12. HP: 35/118 MP: 4/18
 10873 | Orc:4    | Reached skill level 15 in Fighting
 11144 | Orc:4    | Reached skill level 15 in Axes
 11213 | Orc:4    | Noticed a hill giant
 11218 | Orc:4    | Killed a hill giant
 11241 | Orc:4    | Found a staircase to the Elven Halls.
 11243 | Orc:4    | Noticed a deep troll
 11266 | Orc:4    | Killed a deep troll
 11344 | Orc:4    | Found Podwa's Weapon Emporium.
 11345 | Orc:4    | Found Adghatih's Weapon Emporium.
 11349 | Orc:4    | Found Tuemiuh's Antique Weapon Boutique.
 11359 | Orc:4    | Found Mehoh's Book Shoppe.
 11390 | Orc:4    | Noticed an orc warlord
 11400 | Orc:4    | Noticed a deep troll
 11430 | Orc:4    | Killed a deep troll
 11430 | Orc:4    | Reached skill level 16 in Axes
 11638 | D:11     | Noticed a cyclops
 11650 | D:11     | Killed a cyclops
 11968 | Lair:1   | Entered Level 1 of the Lair of Beasts
 12014 | Lair:1   | Noticed Gastronok
 12027 | Lair:1   | Killed Gastronok
 12078 | Lair:1   | Reached skill level 17 in Axes
 12608 | Lair:2   | Noticed Xorborg's ghost (powerful GrFi)
 13053 | Lair:2   | Killed Xorborg's ghost
 13421 | Lair:2   | Reached XP level 13. HP: 113/126 MP: 20/20
 14615 | Lair:4   | Reached skill level 10 in Armour
 16657 | Lair:6   | Reached skill level 1 in Shields
 16793 | Lair:6   | Found a staircase to the Swamp.
 16873 | Lair:6   | Found a hole to the Spider Nest.
 16913 | Lair:6   | Noticed Harold
 16922 | Lair:6   | Killed Harold
 16935 | Lair:6   | Found a staircase to the Slime Pits.
 17151 | Lair:7   | Reached skill level 5 in Shields
 17778 | Lair:8   | Entered Level 8 of the Lair of Beasts
 17946 | Lair:8   | Reached XP level 14. HP: 100/135 MP: 20/20
 18001 | Lair:8   | Reached skill level 10 in Shields
 19321 | Swamp:1  | Entered Level 1 of the Swamp
 19344 | Swamp:1  | Reached skill level 18 in Axes
 21389 | Swamp:4  | Noticed Kirke
 21401 | Swamp:4  | Killed Kirke
 21401 | Swamp:4  | Reached XP level 15. HP: 143/148 MP: 21/21
 21434 | Swamp:4  | Noticed Frances
 21436 | Swamp:4  | Killed Frances
 21599 | Swamp:4  | Got an ancient golden ring
 21601 | Swamp:4  | Identified the ring of Emauhuac {Fire Str+3 Stlth+} (You found it on level 4 of the Swamp)
 21616 | Swamp:4  | Noticed Roxanne
 21634 | Swamp:4  | Noticed Saint Roka
 21662 | Swamp:4  | Killed Saint Roka
 21999 | Swamp:4  | Got a bloodstained mace
 22000 | Swamp:4  | Identified the cursed +1 mace of Chaos {crush, rF+ rC++ Str-4 Int+4} (You found it on level 4 of the Swamp)
 22175 | Swamp:5  | Entered Level 5 of the Swamp
 22235 | Swamp:5  | Noticed Aizul
 22439 | Swamp:3  | Reached skill level 10 in Invocations
 23015 | Orc:4    | Killed an orc warlord
 25547 | D:14     | Noticed Fannar
 25557 | D:14     | Killed Fannar
 25603 | D:14     | Found a portal to a secret trove of treasure.
 25917 | D:14     | Reached XP level 16. HP: 157/157 MP: 26/26
 25997 | D:14     | Found a gate to the Vaults.
 26489 | D:15     | Entered Level 15 of the Dungeon
 27186 | D:15     | Gained mutation: You can breathe flames. [potion of beneficial mutation]
 27397 | D:15     | Found a staircase to the Depths.
 27911 | D:13     | Reached skill level 15 in Shields
 28248 | Spider:1 | Entered Level 1 of the Spider Nest
 28251 | Spider:1 | Noticed Maud
 28259 | Spider:1 | Noticed Asterion
 28281 | Lair:6   | Killed Maud
 28674 | Spider:1 | Killed Asterion
 29310 | Swamp:5  | Noticed a thorn hunter
 29312 | Swamp:5  | Noticed Snorg
 29666 | Swamp:5  | Noticed a thorn hunter
 29677 | Swamp:5  | Killed a thorn hunter
 29702 | Swamp:5  | Killed Snorg
 29725 | Swamp:5  | Killed a thorn hunter
 29931 | Swamp:5  | Noticed Mara
 29934 | Swamp:5  | Noticed Wiglaf
 29949 | Swamp:5  | Killed Wiglaf
 29957 | Swamp:5  | Killed Aizul
 29964 | Swamp:5  | Noticed fungee's illusion
 30272 | Swamp:5  | Got a decaying rune of Zot
 30326 | Swamp:5  | Killed Mara
 31233 | Spider:2 | Reached XP level 17. HP: 129/162 MP: 30/30
 32565 | Spider:4 | Noticed Arachne
 32579 | Spider:4 | Killed Arachne
 32594 | Spider:4 | Reached skill level 15 in Invocations
 33652 | Spider:5 | Entered Level 5 of the Spider Nest
 35042 | Spider:5 | Got a gossamer rune of Zot
 35689 | Vaults:1 | Entered Level 1 of the Vaults
 35802 | Vaults:1 | Found Gozag's Antique Weapon Shoppe.
 35827 | Vaults:1 | Found an opulent altar of Gozag.
 35860 | Vaults:1 | Reached XP level 18. HP: 97/171 MP: 31/33
 36074 | Vaults:1 | Found Gozag's Antique Weapon Emporium.
 36077 | Vaults:1 | Found Gozag's Antique Armour Shoppe.
 36518 | Vaults:1 | Found a glowing silver altar of Zin.
 37380 | Vaults:2 | Noticed Sojobo
 37380 | Vaults:2 | Noticed Nikola
 37388 | Vaults:2 | Killed Sojobo
 37393 | Vaults:2 | Killed Nikola
 37815 | Vaults:2 | Found Hyaxu's Jewellery Shop.
 37839 | Vaults:2 | Noticed Jorgrun
 37847 | Vaults:2 | Killed Jorgrun
 37943 | Vaults:2 | Noticed Donald
 37966 | Vaults:2 | Killed Donald
 38420 | Vaults:2 | Reached skill level 19 in Axes
 38844 | Vaults:2 | Noticed Margery
 38861 | Vaults:2 | Killed Margery
 39143 | Vaults:2 | Found a staircase to the Crypt.
 39259 | Vaults:2 | Reached skill level 20 in Axes
 39259 | Vaults:2 | Reached XP level 19. HP: 134/178 MP: 34/34
 39434 | Vaults:2 | Got a spiked cloak
 39437 | Vaults:2 | Identified the +0 cloak of the Forsaken Beds {Str+2} (You found it on level 2 of the Vaults)
 39772 | Vaults:2 | Reached skill level 15 in Armour
 41121 | D:7      | Bought a runed plate armour for 805 gold pieces
 42372 | Vaults:4 | Gained mutation: You occasionally shout uncontrollably at your foes. [a shining eye]
 42462 | Vaults:4 | Got an uncursed pitted glaive
 42465 | Vaults:4 | Identified the +3 glaive "Ixteo" {drain, rC+ MR++} (You found it on level 4 of the Vaults)
 42541 | Vaults:4 | Identified a scroll of acquirement
 43317 | Vaults:4 | Reached XP level 20. HP: 186/188 MP: 35/35
 43766 | Vaults:5 | Entered Level 5 of the Vaults
 43794 | Vaults:5 | Noticed a golden dragon
 44090 | Vaults:5 | Reached skill level 21 in Fighting
 44091 | Vaults:5 | Killed a golden dragon
 44107 | Vaults:5 | Got a silver rune of Zot
 44109 | Vaults:5 | Noticed a golden dragon
 44120 | Vaults:5 | HP: 7/194 [fire giant/fireball (7)]
 44418 | Vaults:5 | Reached skill level 22 in Fighting
 44866 | Vaults:5 | Reached XP level 21. HP: 177/203 MP: 36/36
 45131 | Vaults:5 | Found Psarch's Book Boutique.
 45403 | Vaults:5 | Killed a golden dragon
 46216 | Depths:1 | Entered Level 1 of the Depths
 46427 | Depths:1 | Found Uskiuh's General Store.
 46701 | Depths:1 | Found a burning altar of Makhleb.
 46922 | Depths:1 | Found a gateway to Hell.
 49403 | Depths:2 | Reached XP level 22. HP: 174/211 MP: 37/37
 49728 | Depths:2 | Found a one-way gate to the infinite horrors of the Abyss.
 50375 | Depths:2 | Got a polished plate armour
 50378 | Depths:2 | Identified the +0 plate armour of Filth {rN+ MR+ MP-9 Int+4} (You found it on level 2 of the Depths)
 50426 | Depths:2 | Found a one-way gate leading to the halls of Pandemonium.
 52224 | Depths:4 | Gained mutation: You have sharp toenails. [potion of beneficial mutation]
 52465 | Depths:4 | Found a large runed door.
 52465 | Depths:4 | Found a large runed door.
 52581 | Depths:4 | Noticed Boris
 52591 | Depths:4 | Killed Boris
 53259 | Depths:4 | Reached skill level 23 in Invocations
 53354 | Depths:4 | Reached XP level 23. HP: 202/219 MP: 39/39
 53829 | Depths:5 | Entered Level 5 of the Depths
 54543 | Depths:5 | Reached skill level 24 in Invocations
 54930 | Depths:5 | Found a gate to the Realm of Zot.
 55222 | Depths:5 | Found a gateway to a ziggurat.
 55235 | Zig:1    | Entered Level 1 of a ziggurat
 55569 | Zig:2    | Entered Level 2 of a ziggurat
 55598 | Zig:3    | Entered Level 3 of a ziggurat
 55641 | Zig:3    | Got a brightly glowing large shield
 55644 | Zig:3    | Identified the +4 large shield "Ozoil" {rElec rN+ Str+4 Int-5 Stlth-} (You found it on level 3 of a ziggurat)
 55652 | Zig:4    | Entered Level 4 of a ziggurat
 55820 | Zig:5    | Entered Level 5 of a ziggurat
 55883 | Zig:5    | Identified the Disquisition on Helpful Lightness
 55902 | Zig:6    | Entered Level 6 of a ziggurat
 55961 | Zig:6    | Identified Mnea's Grimoire of the Twisted Entourage
 56004 | Zig:7    | Entered Level 7 of a ziggurat
 56035 | Zig:7    | Reached skill level 25 in Invocations
 56050 | Zig:7    | Reached XP level 24. HP: 200/223 MP: 41/41
 56101 | Zig:8    | Entered Level 8 of a ziggurat
 56121 | Zig:8    | Slain by a reaper

Action                   |  1- 3 |  4- 6 |  7- 9 | 10-12 | 13-15 | 16-18 | 19-21 | 22-24 || total
-------------------------+-------+-------+-------+-------+-------+-------+-------+-------++-------
Melee: War axe           |    30 |   124 |   408 |   775 |  1426 |  1245 |       |       ||  4008
       Spear             |       |       |     4 |       |    73 |     8 |       |       ||    85
       Halberd           |       |       |     5 |       |       |       |       |       ||     5
       Broad axe         |       |       |       |       |       |    93 |  1147 |   844 ||  2084
Throw: Throwing net      |       |     2 |     1 |     1 |       |       |       |       ||     4
       Tomahawk          |       |       |     8 |     4 |     5 |       |       |       ||    17
Invok: Upheaval          |       |       |     1 |     2 |    15 |    24 |    16 |     8 ||    66
       Elemental Force   |       |       |       |     6 |     5 |     4 |     1 |       ||    16
       Disaster Area     |       |       |       |     1 |       |     1 |     5 |     4 ||    11
 Abil: Evoke Flight      |       |       |       |       |     1 |       |       |     1 ||     2
       Spit Poison       |       |       |       |       |       |     4 |       |       ||     4
       Stop Flying       |       |       |       |       |       |       |     1 |       ||     1
Evoke: Wand              |       |       |     2 |     1 |     3 |    24 |     4 |     3 ||    37
       Deck              |       |       |       |       |     5 |       |       |       ||     5
  Use: Potion            |     1 |       |       |    15 |     5 |    11 |    20 |     6 ||    58
       Scroll            |       |       |     4 |     7 |    20 |    14 |    12 |    12 ||    69
 Stab: Paralysed         |       |       |     2 |       |       |       |       |       ||     2
       Held in net/web   |       |       |     2 |       |       |       |       |       ||     2
       Distracted        |       |       |       |       |     1 |     2 |       |       ||     3
       Confused          |       |       |       |       |     2 |       |       |       ||     2
       Invisible         |       |       |       |       |     3 |       |     7 |       ||    10
  Eat: Chunk             |       |     4 |    15 |    25 |    48 |    42 |    32 |    26 ||   192
       Fruit             |       |       |     1 |     2 |       |       |       |     5 ||     8
       Beef jerky        |       |       |       |     1 |       |       |     1 |       ||     2
